AoeStats
← beneath mariana

Nomad

507266184Analyzed
4v4 RM · 13d ago on Sep 17, 2026· 31m 19s· 8 players
Game mode
Random Map
Map size
231×231
Population
200
Speed
Normal
Resources
Standard
Victory
Conquest
Starting age
Dark Age
Ending age
Imperial Age
RankedLock teamsTeams togetherTeam positionsShared explorationLock speedFull tech treeHidden civsTurbo modeCheats
Victory
Defeat
🇨🇳 Spanish · China
1680
+8
🇨🇳 Italians · China
1477
+16
1437
+18
🇨🇳 Vietnamese · China
1396
+18
🇦🇺 Malians · Australia
1553
-18
🇩🇪 Koreans · Germany
1528
-17
🇩🇰 Aztecs · Denmark
1486
-15
🇦🇺 Burgundians · Australia
1338
-10
beneath mariana
14:52 Feudal Age
14:34 Loom
15:55 Double-Bit Axe
16:03 Town Watch
16:36 Fishing Lines
16:53 Fletching
19:06 Castle Age
16:57 Fletching
17:55 Gold Mining
18:24 Stone Mining
20:03 Wheelbarrow
19:51 Bodkin Arrow
20:19 Bow Saw
20:03 Gillnets
19:56 Horse Collar
22:11 Medium Warships
23:11 Hand Cart
24:51 Stone Shaft Mining
25:13 Town Patrol
26:02 Padded Archer Armor
25:24 Elite Skirmisher
26:44 Forging
27:17 Scale Barding Armor
30:32 Imperial Age
29:00 Leather Archer Armor
29:10 Thumb Ring
29:52 Ballistics
29:44 Bloodlines
30:39 Husbandry
あおぞら ひかり
2:59 Loom
12:39 Feudal Age
17:59 Castle Age
16:59 Double-Bit Axe
17:45 Horse Collar
19:03 Town Watch
19:10 Fletching
19:31 Bow Saw
22:30 Bodkin Arrow
27:44 Wheelbarrow
28:42 Gold Mining
冬瀑
5:03 Loom
14:53 Feudal Age
15:35 Town Watch
15:34 Fishing Lines
15:45 Gold Mining
15:49 Double-Bit Axe
18:30 Castle Age
16:42 Stone Mining
18:22 Padded Archer Armor
19:34 Bow Saw
20:02 Stone Shaft Mining
19:20 Gillnets
21:14 Leather Archer Armor
21:56 Horse Collar
22:35 Bloodlines
23:02 Husbandry
26:01 Wheelbarrow
27:32 Heavy Plow
32:37 Imperial Age
31:40 Hand Cart
31:16 Fletching
姬七兮
3:39 Loom
14:35 Feudal Age
18:20 Castle Age
16:17 Fishing Lines
19:39 Fletching
20:36 Double-Bit Axe
21:47 Bow Saw
22:25 Bodkin Arrow
22:54 Gold Mining
24:35 Padded Archer Armor
SbS | Havoc
4:52 Loom
13:55 Feudal Age
18:10 Castle Age
17:37 Double-Bit Axe
17:55 Fishing Lines
19:08 Bow Saw
19:04 Fletching
19:17 Town Watch
20:10 Wheelbarrow
23:50 Bodkin Arrow
25:29 Horse Collar
25:44 Gillnets
26:20 Gold Mining
Lord Longshaft
4:34 Loom
15:18 Feudal Age
17:01 Fletching
20:03 Castle Age
26:35 Wheelbarrow
Sims_doc
4:17 Loom
15:29 Feudal Age
17:57 Double-Bit Axe
21:37 Castle Age
19:55 Scale Barding Armor
21:14 Bow Saw
21:11 Gold Mining
22:15 Forging
21:42 Cavalier
23:53 Husbandry
Soma
5:16 Loom
13:38 Feudal Age
14:39 Double-Bit Axe
18:26 Castle Age
17:23 Fishing Lines
21:56 Town Watch
24:25 Ballistics
24:01 Fletching
26:27 Wheelbarrow
26:05 Bodkin Arrow
Connection lost

Rejoining the realm…

Still unreachable

The connection could not be restored.

Session expired

The server has moved on; the page needs a fresh start.